 Dungeon Crawl Stone Soup version 0.29.0-4-gdea44cf6ec (webtiles) character file.

Game seed: 9469674757092970637

31 qw the Chopper (level 3, 0/21 HPs)
             Began as a Tengu Warper on Aug 28, 2022.
             Slain by a worm (8 damage)
             ... on level 2 of the Dungeon.
             The game lasted 00:00:07 (1137 turns).

qw the Chopper (Tengu Warper)                       Turns: 1137, Time: 00:00:07

Health: 0/21       AC:  5    Str: 13    XL:     3   Next: 22%
Magic:  7/7        EV: 11    Int: 13    God:
Gold:   13         SH:  0    Dex: 13    Spells: 6/6 levels left

rFire   . . .      SeeInvis .   Y - +0 hand axe
rCold   . . .      Faith    .   (no shield)
rNeg    . . .      Spirit   .   g - +0 ring mail
rPois   .          Reflect  .   (helmet restricted)
rElec   .          Harm     .   (no cloak)
rCorr   .          Rampage  .   (no gloves)
Will    .....                   (boots unavailable)
Stlth   +.........              e - amulet of regeneration
HPRegen 0.87/turn               (no ring)
MPRegen 0.10/turn               (no ring)

@: no status effects
A: beak, talons 3
a: no special abilities


You were on level 2 of the Dungeon.
You visited 1 branch of the dungeon, and saw 2 of its levels.

You collected 13 gold pieces.


Innate Abilities, Weirdness & Mutations

You have a beak for a mouth.
You have claws for feet.


   Skills:
 - Level 2.0 Fighting
 + Level 4.0 Axes
 - Level 1.0 Throwing
 - Level 1.1 Armour
 - Level 2.1 Dodging
 - Level 2.0 Spellcasting
 - Level 2.4 Translocations


You had 6 spell levels left.
You didn't know any spells.
Your spell library contained the following spells:

 Spells                   Type           Power      Damage    Failure   Level
 Blink                    Tloc           14%        N/A       30%         2
 Gell's Gravitas          Tloc           7%         N/A       52%         3
 Lesser Beckoning         Tloc           7%         N/A       52%         3
 Teleport Other           Tloc           7%         N/A       52%         3
 Manifold Assault         Tloc           7%         N/A       99%         5

Inventory:

Hand Weapons
 d - a +0 club
 Y - a +0 hand axe (weapon)
Armour
 g - a +0 ring mail (worn)
Jewellery
 e - an amulet of regeneration (around neck)
Scrolls
 a - a scroll of identify
Potions
 i - a potion of haste
 j - a potion of might {unknown}
 k - a potion of magic {unknown}

Dungeon Overview and Level Annotations

Branches:
Dungeon (2/15)

Altars:


Message History

You hit the hobgoblin but do no damage. The hobgoblin barely misses you.
The worm bites you!
You hit the worm but do no damage.
The worm is moderately wounded.
You hit the ball python. You hit the hobgoblin but do no damage.
The ball python bites you but does no damage.
The ball python grabs you. The ball python constricts you.
The hobgoblin barely misses you.
You closely miss the ball python. You claw the ball python.
The ball python is severely wounded.
You hit the hobgoblin but do no damage. You hit the worm.
The ball python bites you. The ball python constricts you.
The hobgoblin barely misses you.
An adder comes into view.
The worm bites you.
The ball python bites you but does no damage.
The ball python constricts you.
You closely miss the ball python.
The adder hisses angrily.
You claw the ball python, but do no damage.
The ball python is severely wounded.
You hit the worm. You closely miss the hobgoblin. The hobgoblin hits you.
The ball python barely misses you. The ball python constricts you.
The worm barely misses you.
You hit the ball python.
You kill the ball python!
You hit the hobgoblin. You hit the worm.
The hobgoblin hits you but does no damage.
Your Axes skill increases to level 4!
You barely miss the worm. You peck the worm, but do no damage.
The worm is severely wounded.
You hit the hobgoblin but do no damage.
A bat comes into view.
The hobgoblin hits you. The worm barely misses you.
The hobgoblin barely misses you.
You hit the worm. You peck the worm, but do no damage.
The worm is severely wounded.
You hit the hobgoblin but do no damage. The worm bites you!
You die...

#. . .# ##. .. ..#
# .##.#.# ...#.#
###.#####..#.#
#<#......wgS.###
#.# #@b...#
#.########.#?#....
#.#........# # .
#.#.######## #...#
#####


You could see a worm, an adder, a hobgoblin and a bat.

Vanquished Creatures
  3 bats (D:1)
  6 endoplasms (D:1)
  A giant cockroach (D:1)
  2 goblins (D:1)
  3 hobgoblins (D:1)
  3 quokkas (D:1)
  2 ball pythons
  2 frilled lizards (D:1)
  2 kobolds (D:1)
  4 rats (D:1)
28 creatures vanquished.

Notes
Turn   | Place    | Note
-------+----------+-------------------------------------------
     0 | D:1      | qw the Tengu Warper began the quest for the Orb.
     0 | D:1      | Reached XP level 1. HP: 12/12 MP: 4/4
     0 | D:1      | 0 ||| qw: Version: 0.1-a-89-g26bdef1
     0 | D:1      | 0 ||| qw: Game counter: 3299
     0 | D:1      | 0 ||| qw: Always use a shield: true
     0 | D:1      | 0 ||| qw: God list: Okawaru
     0 | D:1      | 0 ||| qw: Allow faded altars: false
     0 | D:1      | 0 ||| qw: Do Orc after D:15 true
     0 | D:1      | 0 ||| qw: Do second Lair branch before Depths: true
     0 | D:1      | 0 ||| qw: Lair rune preference: random
     0 | D:1      | 0 ||| qw: Plans: Normal
     0 | D:1      | 0 ||| PLANNING D:1-11
   108 | D:1      | Reached skill level 3 in Axes
   108 | D:1      | Reached XP level 2. HP: 17/17 MP: 6/6
   705 | D:1      | Reached XP level 3. HP: 15/21 MP: 7/7
  1070 | D:1      | 1070 ||| UPGRADING to +0 ring mail.
  1080 | D:1      | 1080 ||| DROPPING +0 leather armour.
  1081 | D:1      | 1081 ||| UPGRADING to amulet of regeneration.
  1086 | D:1      | 1086 ||| READING 2 scrolls labelled OHYIKUU BITEUF.
  1087 | D:1      | 1087 ||| READING scroll labelled AHAEV WUQIMYLEAKHI.
  1088 | D:1      | 1088 ||| DRINKING 2 glowing purple potions.
  1089 | D:1      | 1089 ||| DROPPING scroll of blinking.
  1136 | D:2      | Reached skill level 4 in Axes
  1137 | D:2      | Slain by a worm

Levels and vault maps discovered:
D:1:      dpeg_arrival_windows_large_door, layout_rooms, minmay_pentomino_p4
D:2:      layout_basic, basic_altar, minivault_14, patterned_corridor

Skill      XL: |  1  2  3 |
---------------+----------+-----
Axes           | 3 4 |  4.0
Fighting       | |  2.0
Throwing       | |  1.0
Armour         | |  1.1
Dodging        | |  2.1
Spellcasting   | |  2.0
Translocations | |  2.4

Action                   || total
-------------------------++-------
Melee: Hand axe          ||    65
       Kick              ||    17
       Peck              ||    10
       Punch             ||     1
Throw: Boomerang         ||     7
  Use: Scroll            ||     2
       Potion            ||     1
Armor: Leather armour    ||    15
       Ring mail         ||     4
Dodge: Dodged            ||    37

Table legend:
 A = Non-vault XP
 B = Vault XP
 C = Vault XP percentage of total XP
 D = Non-vault monster count
 E = Vault monster count
 F = Vault count percentage of total count
                 A         B        C        D         E       F
            +---------+---------+-------+---------+---------+-------
      Total |      40 |       5 |  11.1 |      25 |       3 |  10.7
            +---------+---------+-------+---------+---------+-------
        D:1 |      39 |       5 |  11.4 |      24 |       3 |  11.1
        D:2 |       1 |       0 |   0.0 |       1 |       0 |   0.0
            +---------+---------+-------+---------+---------+-------
